 Dungeon Crawl Stone Soup version 0.30-a0-223-gcb0039aa0c (webtiles) character file.

Game seed: 17332581970686869108

2467 porpoise the Spear-Bearer (level 9, -5/72 HPs)
             Began as a Demonspawn Gladiator on Oct 10, 2022.
             Was a Follower of Yredelemnul.
             Killed by divine providence
             ... invoked by an orc priest
              (10 damage)
             ... on level 7 of the Dungeon.
             The game lasted 00:27:29 (6678 turns).

porpoise the Spear-Bearer (Demonspawn Gladiator)    Turns: 6678, Time: 00:27:29

Health: -5/72      AC:  7    Str: 18    XL:     9   Next: 26%
Magic:  3/3        EV: 31    Int: 11    God:    Yredelemnul [*.....]
Gold:   378        SH:  0    Dex: 16    Spells: 8/8 levels left

rFire   . . .      SeeInvis .    a - +0 trident (antimagic)
rCold   + . .      Faith    .    (no shield)
rNeg    + . .      Spirit   .    H - +2 leather armour {rC+}
rPois   .          Reflect  .    (helmet restricted)
rElec   .          Harm     .    (no cloak)
rCorr   .          Rampage  .    (no gloves)
Will    .....                    y - +1 pair of boots
Stlth   +.........               r - amulet of the acrobat
HPRegen 0.32/turn                g - +4 ring of evasion
MPRegen 0.08/turn                i - ring of positive energy

@: acrobatic
A: horns 2, spiny 2, big brain 1, demonic magic 2
a: Renounce Religion, Recall Undead Harvest


You were on level 7 of the Dungeon.
You worshipped Yredelemnul.
Yredelemnul was noncommittal.
You visited 2 branches of the dungeon, and saw 8 of its levels.
You also visited: Sewer.

You collected 398 gold pieces.
You spent 20 gold pieces at shops.

Inventory:

Hand Weapons
 a - a +0 antimagic trident (weapon)
 b - a +0 sling
 t - a +2 quarterstaff of draining
 A - a +0 trident
 C - a +2 dagger of speed
 F - a +0 glaive
Missiles
 d - 6 throwing nets (quivered)
 e - a javelin
 k - 4 boomerangs
 u - 36 poisoned darts
Armour
 y - a +1 pair of boots (worn)
 H - a +2 leather armour of cold resistance (worn)
Jewellery
 g - a +4 ring of evasion (left hand)
 i - a ring of positive energy (right hand)
 j - a ring of magical power
 n - an amulet of magic regeneration
 r - an amulet of the acrobat (around neck)
Scrolls
 c - 5 scrolls of teleportation
 h - a scroll of blinking
 m - a scroll of summoning
 s - a scroll of immolation {unknown}
 v - a scroll of enchant armour
 z - a scroll of fog {unknown}
 B - a scroll of enchant weapon {unknown}
 E - a scroll of poison {unknown}
Potions
 f - 4 potions of might
 o - a potion of invisibility
 p - 2 potions of mutation
 q - 2 potions of haste
 w - a potion of attraction {unknown}
 x - 2 potions of lignification {unknown}
 D - a potion of curing {unknown}
 G - a potion of brilliance {unknown}


   Skills:
 - Level 7.0 Fighting
 + Level 9.6 Polearms
 - Level 1.7 Throwing
 + Level 2.0 Armour
 - Level 2.6 Dodging
 + Level 3.0 Invocations


You had 8 spell levels left.
You didn't know any spells.
Your spell library contained the following spells:

 Spells                   Type           Power      Damage    Failure   Level
 Shock                    Conj/Air       0%         1d3       38%         1
 Summon Small Mammal      Summ           0%         N/A       38%         1
 Call Canine Familiar     Summ           0%         N/A       77%         3
 Summon Guardian Golem    Hex/Summ       0%         N/A       77%         3
 Swiftness                Air            0%         N/A       77%         3
 Tukima's Dance           Hex            0%         N/A       77%         3
 Airstrike                Air            0%         2d(0-16)  99%         4
 Passage of Golubria      Tloc           0%         N/A       99%         4
 Yara's Violent Unravell  Hex/Tmut       0%         3d3       100%        5


Dungeon Overview and Level Annotations

Branches:
Dungeon (7/15)             Temple (1/1) D:5           Sewer (visited)

Altars:
Ashenzari
Cheibriados
Dithmenos
Gozag
Hepliaklqana
Nemelex Xobeh
Ru
Xom
Yredelemnul
Jiyva

Shops:
D:2 ?[

Annotations:
D:7 1 runed translucent door


Innate Abilities, Weirdness & Mutations

You have a pair of horns on your head.
You are mostly covered in sharp spines.
You have an unusually large brain. (Int +2)
Spells you cast may paralyse nearby enemies.


Message History

Reach: a) +0 trident (antimagic)
Press: ? - help, Dir - move target, f/p - orc priest
Aim: an orc priest, wielding a +0 dagger and wearing a +0 ring mail (moderately wounded, about 31% to evade your +0 antimagic trident)
You reach to attack!
You closely miss the orc priest.
The orc priest is moderately wounded.
You hear some strange, mumbled words.
A puff of flame appears from out of thin air!
The puff of flame hits you!
* * * LOW HITPOINT WARNING * * *
The necrophage hits you.
* * * LOW HITPOINT WARNING * * *
The orc priest closely misses your orc wizard zombie.
Your orc wizard zombie closely misses the necrophage.
Reach: a) +0 trident (antimagic)
Press: ? - help, Dir - move target, f/p - orc priest
Aim: an orc priest, wielding a +0 dagger and wearing a +0 ring mail (moderately wounded, about 31% to evade your +0 antimagic trident)
The necrophage is in the way.
You puncture the necrophage! Your headbutt misses the necrophage.
The necrophage is almost destroyed.
Your scorpion zombie hits the necrophage.
Something hits you but does no damage.
The necrophage is struck by your spines.
The necrophage hits you.
* * * LOW HITPOINT WARNING * * *
The orc priest barely misses your orc wizard zombie.
Your orc wizard zombie barely misses the necrophage.
You barely miss something.
Your scorpion zombie hits the necrophage.
The necrophage is destroyed!
Reactivating autopickup.
You feel a bit more experienced.
The dead are walking!
The orc priest hits your orc wizard zombie with a +0 dagger.
Your Armour skill increases to level 2!
Your Invocations skill increases to level 3!
Your orc wizard zombie hits the orc priest but does no damage.
Your scorpion zombie hits the orc priest but does no damage.
The orc priest calls down the wrath of Beogh upon you.
Beogh smites you!
You die...
Your body rises from the dead as a mindless zombie.

##........## ##.
##..#........# ......
#...####.....##.....#
#.....###.##........##
###.....................
.#...#####............
.........#..........
....<.............#
.##............o@Z#
.###....#......ZZ.# .#
.###....###.##.#..# .#
.............####.# ~.#
...#........## #.)#.~.#
...##........####[##+##
#########...(.#.#.....#
#.......!......#
#......?......!##


You could see an orc priest (ally target), a friendly scorpion zombie and 2
friendly orc wizard zombies.

Vanquished Creatures
  A hornet (D:6)
  A steam dragon (D:7)
  A water moccasin (D:6)
  An orc warrior (D:6)
  A centaur (D:5)
  A phantom (D:4)
  4 kobold brigands
  Blork the orc (D:6)
  7 scorpions
  An oklob sapling (D:5)
  A howler monkey (D:6)
  3 orc priests
  7 hounds
  A gnoll bouda (D:7)
  An iguana (D:6)
  3 orc wizards
  14 gnolls
  14 adders
  3 river rats
  A white imp (D:6)
  8 worms
  5 dart slugs
  15 orcs
  10 endoplasms
  6 giant cockroaches
  8 goblins
  4 hobgoblins
  10 jackals
  5 quokkas
  12 ball pythons
  4 bats
  5 frilled lizards
  14 kobolds
  8 rats
181 creatures vanquished.

Vanquished Creatures (collateral kills)
  A necrophage (D:7)
  A gnoll (D:4)
  4 orcs (D:4)
  An endoplasm (D:4)
7 creatures vanquished.

Vanquished Creatures (others)
  A hound zombie (D:6)
  3 gnoll zombies
  A kobold zombie (D:6)
  4 orc zombies
  A fungus (D:1)
  13 plants
23 creatures vanquished.

Grand Total: 211 creatures vanquished

Notes
Turn   | Place    | Note
-------+----------+-------------------------------------------
     0 | D:1      | porpoise the Demonspawn Gladiator began the quest for the
                  | Orb.
     0 | D:1      | Reached XP level 1. HP: 16/16 MP: 1/1
   221 | D:1      | Reached skill level 3 in Polearms
   337 | D:1      | Gained mutation: You are partially covered in sharp spines.
                  | [demonic ancestry]
   337 | D:1      | Reached XP level 2. HP: 22/22 MP: 2/2
   589 | D:1      | Reached XP level 3. HP: 28/28 MP: 3/3
   700 | D:1      | Found a faded altar of an unknown god.
  1135 | D:2      | Found Bufuoxt's Magic Scroll Shop.
  1142 | D:2      | Bought a scroll of identify for 20 gold pieces
  1196 | D:2      | Found Jynown's Antique Armour Boutique.
  1498 | D:2      | Reached skill level 4 in Polearms
  1498 | D:2      | Gained mutation: You have a pair of small horns on your
                  | head. [demonic ancestry]
  1498 | D:2      | Reached XP level 4. HP: 34/34 MP: 4/4
  2277 | D:3      | Found a basalt altar of Yredelemnul.
  2286 | D:3      | Gained mutation: Spells you cast may paralyse adjacent
                  | enemies. [demonic ancestry]
  2286 | D:3      | Reached XP level 5. HP: 32/41 MP: 5/5
  2323 | D:3      | Became a worshipper of Yredelemnul the Dark
  2618 | D:4      | Reached skill level 5 in Polearms
  2622 | D:4      | Reached * piety under Yredelemnul
  2623 | D:4      | Gained mutation: You are mostly covered in sharp spines.
                  | [demonic ancestry]
  2623 | D:4      | Reached XP level 6. HP: 11/48 MP: 6/6
  2952 | D:4      | Reached skill level 6 in Polearms
  3106 | D:4      | Found a sacrificial altar of Ru.
  3224 | D:4      | Reached ** piety under Yredelemnul
  3357 | D:4      | Gained mutation: You have an unusually large brain. (Int
                  | +2) [demonic ancestry]
  3357 | D:4      | Reached XP level 7. HP: 55/55 MP: 7/7
  3906 | D:5      | Entered Level 5 of the Dungeon
  3906 | D:5      | Found a staircase to the Ecumenical Temple.
  3983 | D:5      | Reached skill level 5 in Fighting
  4118 | D:5      | Found a glowing drain.
  4122 | Sewer    | Entered a sewer
  4464 | Sewer    | Reached skill level 7 in Polearms
  4624 | Sewer    | Gained mutation: You have a pair of horns on your head.
                  | [demonic ancestry]
  4624 | Sewer    | Reached XP level 8. HP: 55/63 MP: 2/8
  4706 | Sewer    | Reached *** piety under Yredelemnul
  5065 | D:5      | Reached skill level 8 in Polearms
  5070 | Temple   | Entered the Ecumenical Temple
  5446 | D:6      | Noticed Blork the orc
  5452 | D:6      | Killed Blork the orc
  5624 | D:6      | Noticed a hornet
  5632 | D:6      | Paralysed by a hornet for 2 turns
  5635 | D:6      | Killed a hornet
  5644 | D:6      | Reached skill level 9 in Polearms
  6035 | D:6      | Gained mutation: Spells you cast may paralyse nearby
                  | enemies. [demonic ancestry]
  6035 | D:6      | Reached XP level 9. HP: 70/72 MP: 3/9
  6196 | D:6      | Reached skill level 1 in Invocations
  6304 | D:6      | Found a shimmering altar of Xom.
  6364 | D:6      | Found a sparkling altar of Nemelex Xobeh.
  6586 | D:7      | Reached skill level 1 in Armour
  6631 | D:7      | Found a runed translucent door.
  6678 | D:7      | Killed from afar by an orc priest

Illustrated notes

Levels and vault maps discovered:
D:1:      dpeg_cavernosity, layout_basic, shapermc_ecumenical_altar_ellora
D:2:      layout_loops_ring, serial_shops, nicolae_shop_waterfront,
          nicolae_shop_waterfront, minmay_misc_feat_hallway, chequers_big_river,
          serial_bayou_pond_b, st_stairs_14
D:3:      layout_rooms, mainiacjoe_overflow_cross_hatched
D:4:      layout_cave_pools, nicolae_ru_awakened_eye, serial_column_ruins,
          column_ruins_hut_ruined, column_ruins_square_large,
          column_ruins_corridor_corner, column_ruins_columns_corner,
          column_ruins_grid_3, column_ruins_grid_1, column_ruins_grid_3,
          column_ruins_open_tiny, mrwooster_statue_mirror, kennysheep_dice
D:5:      layout_cave_pools, lemuel_round_altar, minmay_temple_entry_oklob,
          gup_sewer_entry_spiral
D:6:      layout_gridville, mainiacjoe_overflow_alcove_2,
          mainiacjoe_overflow_brackets, uniq_blork_the_orc
D:7:      layout_cave_pools, bloody_makhleb, okawaru_trees_2,
          ebering_ghost_reflecting_pool, uniq_maggie
Temple:   pf_slime_end_temple

Skill      XL: |  1  2  3  4  5  6  7  8  9 |
---------------+----------------------------+-----
Polearms       | 3 4 5 6 7 9 |  9.6
Fighting       | 3 4 5 7 |  7.0
Invocations    | 3 |  3.0
Armour         | 2 |  2.0
Throwing       | |  1.7
Dodging        | |  2.6

Action                   |  1- 3 |  4- 6 |  7- 9 || total
-------------------------+-------+-------+-------++-------
Melee: Trident           |   120 |   116 |   286 ||   522
       Headbutt          |       |    18 |    47 ||    65
       Punch             |       |       |     3 ||     3
       Quarterstaff      |       |       |     3 ||     3
 Fire: Sling             |       |     8 |       ||     8
  Use: Scroll            |     2 |     2 |     7 ||    11
       Potion            |       |       |     1 ||     1
 Stab: Sleeping          |     1 |       |       ||     1
       Distracted        |       |     1 |     2 ||     3
Armor: Leather armour    |     8 |       |     9 ||    17
       Ring mail         |     3 |    20 |    33 ||    56
Dodge: Dodged            |    57 |    76 |   149 ||   282

Table legend: (Time is in decaauts)
 A = Elapsed time spent in this place.
 B = Non-inter-level travel time spent in this place.
 C = Inter-level travel time spent in this place.
 D = Time resting spent in this place.
 E = Time spent auto-exploring this place.
 F = Levels seen in this place.
 G = Mean time per level.
                   A        B        C        D        E       F      G
               +--------+--------+--------+--------+--------+-----+--------+
         Total |   7612 |   7336 |    276 |   1313 |   4345 |   9 |  845.8 |
       Dungeon |   6275 |   6013 |    262 |   1204 |   3513 |   7 |  896.4 |
        Temple |    145 |    131 |     14 |    109 |     16 |   1 |  145.0 |
         Sewer |   1191 |   1191 |      0 |      0 |    815 |   1 | 1191.0 |
               +--------+--------+--------+--------+--------+-----+--------+

Top non-repeatable levels by time:
     D:4: 1305 daAuts
     D:6: 1195 daAuts
   Sewer: 1191 daAuts
     D:2: 1132 daAuts
     D:1: 907 daAuts
     D:5: 777 daAuts
     D:3: 751 daAuts
     D:7: 205 daAuts
  Temple: 145 daAuts
